 Dungeon Crawl Stone Soup version 0.31-a0-845-g9abc20d24f (webtiles) character file.

Game seed: 7166649195260675889

291 Nattfarinn the Ruffian (level 6, -2/93 HPs)
             Began as an Ogre Shapeshifter on Oct 2, 2023.
             Slain by an ogre
             ... wielding a +0 giant club
              (20 damage)
             ... on level 4 of the Dungeon.
             The game lasted 00:03:50 (2788 turns).

Nattfarinn the Ruffian (Ogre Shapeshifter)          Turns: 2788, Time: 00:03:50

Health: -2/93      AC: 23    Str: 21    XL:     6   Next: 32%
Magic:  6/6        EV:  1    Int: 11    God:
Gold:   147        SH:  0    Dex:  8    Spells: 5/5 levels left

rFire   . .          .
                       - Unarmed
rCold   . . .        (no shield)
rNeg    . . .        a - melded +0 animal skin
rPois   +            (helmet currently unavailable)
rElec   .            (cloak currently unavailable)
rCorr   .            (gloves unavailable)
SInv    .            (boots unavailable)
Will    .....        (no amulet)
Stlth   +            (no ring)
HPRegen 0.35/turn    (no ring)
MPRegen 0.10/turn

%: no passive effects
@: tree-form
A: stationary, stasis, torment immunity, boosted hp, large, unfitting armour,
(tough skin 1)
a: no special abilities


You were on level 4 of the Dungeon.
You were a tree.
You visited 1 branch of the dungeon, and saw 4 of its levels.

You collected 225 gold pieces.
You spent 78 gold pieces at shops.

Inventory:

Missiles
 n - a throwing net
Armour
 a - a +0 animal skin (melded)
Talismans
 c - a beast talisman
 d - a flux talisman
Scrolls
 f - a scroll of fear {unknown}
 g - 2 scrolls of revelation {unknown}
 h - 3 scrolls of blinking {unknown}
 i - a scroll of enchant armour {unknown}
 k - 3 scrolls of teleportation {unknown}
 l - 4 scrolls of identify {unknown}
 m - 2 scrolls of fog {unknown}
Potions
 b - a potion of lignification
 e - a potion of curing
 j - 2 potions of brilliance {unknown}
 o - a potion of might {unknown}


   Skills:
 + Level 4.1 Fighting
 - Level 1.7 Dodging
 * Level 4.8 Unarmed Combat
 + Level 4.1 Shapeshifting


You had 5 spell levels left.
You didn't know any spells.
Your spell library contained the following spells:

 Spells                   Type           Power      Damage    Failure   Level
 Blink                    Tloc           0%         N/A       47%         2
 Lesser Beckoning         Tloc           0%         N/A       47%         2
 Momentum Strike          Conj/Tloc      0%         3d8       47%         2


Dungeon Overview and Level Annotations

Branches:
Dungeon (4/15)
 Temple: D:4-7

Altars:
Xom

Shops:
D:3 [!


Innate Abilities, Weirdness & Mutations

You are a tree.
Your roots penetrate the ground, keeping you stationary.
You cannot be teleported.
You are immune to unholy pain and torment.
Your maximum health is greatly increased.
Your equipment is partially melded.
You are too large for most types of armour.
((You have tough skin. (AC +1)))


Message History

The ogre hits you with a +0 giant club!
You are too injured to fight recklessly!
You are too injured to fight recklessly!
You are too injured to fight recklessly!
You are too injured to fight recklessly!
You are too injured to fight recklessly!
You are too injured to fight recklessly!
You are too injured to fight recklessly!
You are too injured to fight recklessly!
You are too injured to fight recklessly!
You are too injured to fight recklessly!
You are too injured to fight recklessly!
You are too injured to fight recklessly!
You are too injured to fight recklessly!
The endoplasm attacks as it pursues you!
The endoplasm barely misses you.
The endoplasm attacks as it pursues you!
The endoplasm barely misses you.
The endoplasm attacks as it pursues you!
The endoplasm hits you but does no damage.
The endoplasm attacks as it pursues you!
The endoplasm closely misses you.
The endoplasm attacks as it pursues you!
The endoplasm hits you.
You are too injured to fight recklessly!
You hit the endoplasm.
The endoplasm is severely wounded.
The endoplasm freezes you.
You are frozen.
You punch the endoplasm!
You kill the endoplasm!
Your transformation has ended.
You turn into a tree.
Your +0 animal skin melds into your body.
Your roots penetrate the ground.
The ogre hits you with a +0 giant club!
* * * LOW HITPOINT WARNING * * *
You hit the ogre.
The ogre is severely wounded.
The ogre hits you with a +0 giant club!!
You die...

#...#### ##.... #......####
#..... #.........# #.....
#####.........# #.....
...####.......# .....
...####.......# #....
.>............# ###########)...
...)).#.......#####..............
...##.#.........♣OJB.w...........
...##.#.......#####.#............
...##.........# #.#.#..........
..)####.....### #.#.#..........
...# ##....### #.#............
#### ##...).### #.###.......###
#...#...###..............
#######.......#.#.....###
#.......#.......#


You could see an ogre, a worm, an endoplasm and a giant cockroach.

Vanquished Creatures
  2 ogres
  A hound (D:4)
  Robin (D:3)
  2 adders
  2 worms
  8 endoplasms
  A giant cockroach (D:2)
  9 goblins
  5 hobgoblins
  8 kobolds
  2 quokkas
  6 ball pythons
  2 bats
  6 frilled lizards
  5 rats
60 creatures vanquished.

Notes
Turn   | Place    | Note
-------+----------+-------------------------------------------
     0 | D:1      | Nattfarinn the Ogre Shapeshifter began the quest for the
                  | Orb.
     0 | D:1      | Reached XP level 1. HP: 19/19 MP: 1/1
   165 | D:1      | Reached XP level 2. HP: 26/28 MP: 2/2
   761 | D:2      | Noticed an ogre
   772 | D:2      | Killed an ogre
   773 | D:2      | Reached XP level 3. HP: 12/37 MP: 3/3
   773 | D:2      | Reached XP level 4. HP: 15/45 MP: 4/4
  1059 | D:2      | Reached XP level 5. HP: 44/53 MP: 5/5
  1629 | D:3      | Found Ciutoek's Distillery.
  1635 | D:3      | Bought a potion of degeneration for 13 gold pieces
  1635 | D:3      | Bought a potion of heal wounds for 65 gold pieces
  1641 | D:3      | Found Xout's Armour Boutique.
  2016 | D:3      | Noticed Robin
  2039 | D:3      | Killed Robin
  2041 | D:3      | HP: 2/53 [poisoned by Robin]
  2520 | D:4      | Found a shimmering altar of Xom.
  2521 | D:4      | Found a shimmering altar of Xom.
  2527 | D:4      | Found a shimmering altar of Xom.
  2529 | D:4      | Found a shimmering altar of Xom.
  2531 | D:4      | Found a shimmering altar of Xom.
  2531 | D:4      | Found a shimmering altar of Xom.
  2532 | D:4      | Found a shimmering altar of Xom.
  2573 | D:4      | Noticed an ogre
  2582 | D:4      | Killed an ogre
  2583 | D:4      | Reached XP level 6. HP: 30/62 MP: 6/6
  2788 | D:4      | Slain by an ogre

Illustrated notes

Levels and vault maps discovered:
D:1:      lightli_arrival_boilingwater, layout_basic,
          nicolae_kite_square_tiling_tiny, grunt_decor_clamped,
          item_on_display_a
D:2:      layout_basic, minmay_tiny_reverse_x
D:3:      layout_basic, overflow_temple_1_default, serial_shops,
          nicolae_shop_rolling_square, shop, uniq_robin
D:4:      layout_basic, nicolae_xom_altar_mimics

Skill      XL: |  1  2  3  4  5 |
---------------+----------------+-----
Unarmed Combat | 3 4 |  4.8
Fighting       | 3 4 |  4.1
Shapeshifting  | 4 |  4.1
Dodging        | |  1.7

Action                     |  1- 3 |  4- 6 || total
---------------------------+-------+-------++-------
  Melee: Unarmed           |    64 |   125 ||   189
         Punch             |     1 |     3 ||     4
    Use: Potion            |       |     3 ||     3
 Armour: Animal skin       |    48 |    70 ||   118
         Skin              |       |     2 ||     2
  Dodge: Dodged            |    32 |    44 ||    76

Table legend: (Time is in decaauts)
 A = Elapsed time spent in this place.
 B = Non-inter-level travel time spent in this place.
 C = Inter-level travel time spent in this place.
 D = Time resting spent in this place.
 E = Time spent auto-exploring this place.
 F = Levels seen in this place.
 G = Mean time per level.
                   A        B        C        D        E       F      G
               +--------+--------+--------+--------+--------+-----+--------+
         Total |   2774 |   2633 |    141 |    314 |   1936 |   4 |  693.5 |
       Dungeon |   2774 |   2633 |    141 |    314 |   1936 |   4 |  693.5 |
               +--------+--------+--------+--------+--------+-----+--------+

Top non-repeatable levels by time:
     D:3: 905 daAuts
     D:1: 727 daAuts
     D:2: 702 daAuts
     D:4: 438 daAuts
